 Dungeon Crawl Stone Soup version 0.29.1-12-g30fa7ad0bf (webtiles) character file.

Game seed: 1895827015701036844

2216 concernfroge the Fighter (level 9, -30/78 HPs)
             Began as a Mummy Monk on Dec 19, 2022.
             Was a Priest of Wu Jian.
             Killed from afar by a smoke demon (42 damage)
             ... with a ball of steam
             ... on level 2 of the Abyss.
             The game lasted 00:32:12 (6862 turns).

concernfroge the Fighter (Mummy Monk)               Turns: 6862, Time: 00:32:14

Health: -30/78     AC: 15    Str: 22    XL:     9   Next: 13%
Magic:  9/9        EV:  7    Int: 10    God:    Wu Jian [***...]
Gold:   81         SH:  0    Dex: 23    Spells: 8/8 levels left

rFire   x . .      SeeInvis .   k - +5 long sword (vamp)
rCold   + . .      Faith    +   (no shield)
rNeg    + + +      Spirit   .   x - +0 plate armour
rPois   ∞          Reflect  .   a - +2 hat
rElec   .          Harm     .   v - +2 cloak
rCorr   +          Rampage  .   (no gloves)
Will    +....                   (no boots)
Stlth   ..........              j - amulet "Guotinug" {Faith Dex+7}
HPRegen 0.23/turn               i - +6 ring of strength
MPRegen 0.11/turn               t - ring of resist corrosion

@: about to teleport
A: cold resistance 1, negative energy resistance 3, torment resistance 2, heat
vulnerability 1, in touch with death 1, no potions
a: Renounce Religion, Wall Jump, Serpent's Lash


You were on level 2 of the Abyss.
You worshipped Wu Jian.
Wu Jian was most pleased with you.
You visited 2 branches of the dungeon, and saw 8 of its levels.
You visited the Abyss 1 time.

You collected 371 gold pieces.
You spent 290 gold pieces at shops.

Inventory:

Hand Weapons
 k - a +5 vampiric long sword (weapon)
Missiles
 d - 5 boomerangs
 g - 118 stones
 n - 2 throwing nets
 o - 2 atropa-tipped darts (quivered)
Armour
 a - a +2 hat (worn)
 v - a +2 cloak (worn)
 x - a +0 plate armour (worn)
Jewellery
 i - a +6 ring of strength (left hand)
 j - the amulet "Guotinug" (around neck) {Faith Dex+7}
   (You acquired it on level 4 of the Dungeon)

   [amulet of faith]

   It allows you to gain divine favour quickly.
   Dex:       It affects your dexterity (+7).
 r - a ring of protection from cold
 t - a ring of resist corrosion (right hand)
Wands
 c - a wand of light (8)
Scrolls
 b - a scroll of noise
 e - 2 scrolls of fear
 h - 3 scrolls of teleportation
 l - a scroll of immolation
 p - a scroll of magic mapping
 q - a scroll of torment
 s - a scroll of vulnerability
 w - a scroll of blinking {unknown}


   Skills:
 - Level 10.0 Fighting
 + Level 6.1 Long Blades
 - Level 2.4 Polearms
 - Level 1.0 Throwing
 - Level 2.4 Dodging
 - Level 1.5 Stealth


You had 8 spell levels left.
You didn't know any spells.
Your spell library was empty.

Dungeon Overview and Level Annotations

Branches:
Dungeon (7/15)             Temple (1/1) D:5

Altars:
Ashenzari
Cheibriados
Gozag
Hepliaklqana
Kikubaaqudgha
Makhleb
Okawaru
Ru
Sif Muna
Trog
Uskayaw
Vehumet
Wu Jian
Yredelemnul

Shops:
D:4 *   D:7 ![=

Annotations:
D:7 2 transporters, Coaxmetal's ghost, novice GrEE


Innate Abilities, Weirdness & Mutations

You are immune to poison.
Your flesh is cold resistant. (rC+)
You are immune to negative energy. (rN+++)
You are immune to unholy pain and torment.
You are vulnerable to heat. (rF-)
You are in touch with the powers of death.
You do not drink.


Message History

* * * LOW HITPOINT WARNING * * *
Your muscles tense, ready for explosive movement...
Your supernatural speed expires.
You are suddenly pulled into a different region of the Abyss!
You feel less exhausted.
You start resting.
A chaos spawn comes into view.
The chaos spawn barks!
A red draconian scorcher and 2 raiju come into view.
The red draconian scorcher roars!
The raiju barks! x2
The raiju bursts into living lightning!
The living lightning hits you!
The raiju blinks! x2
As you read the scroll of teleportation, it crumbles to dust.
You feel strangely unstable.
You feel the power of the Abyss delaying your translocation!
The raiju bites you. The raiju shocks you!
* * * LOW HITPOINT WARNING * * *
Okay, then.
Your muscles tense, ready for explosive movement...
Okay, then.
Your supernatural speed expires.
A smoke demon comes into view.
The raiju bursts into living lightning!
The living lightning hits you!
* * * LOW HITPOINT WARNING * * *
The raiju blinks!
As you read the scroll of butterflies, it crumbles to dust.
You hear the tinkle of a tiny bell.
You feel less exhausted.
A large abomination comes into view.
The raiju bites your butterfly.
Your butterfly dies!
Your butterfly disappears in a burst of colours!
The smoke demon gestures at you. The ball of steam hits your butterfly!!
Your butterfly dies!
Your butterfly disappears in a burst of colours!
The ball of steam hits you!!! The steam scalds you terribly!
Ouch! That really hurt!
You die...

# # . # .....
..... ... . . ..#.
. . . # ..
.#..#..# .# .
..###.#.##... .# #
#.#..##.# # . # #
. .##.##.#.. #.#..
#h#bb.#.#.#...
#b.bb##.##.#
####@bb.##.# #
.#.#§bb#...# ##
#3bbb## #X#
#...#.##.#.###
#.#.#.#..#.# #..
.#..#.# #
#..3h##...###.##.#
#....##....##.h ~
..# .#### ##.##.#
##≈#.#.


You could see a large abomination, a smoke demon (ally target) and a raiju (ally
target).

Vanquished Creatures
  2 steam dragons (D:6)
  Menkaure (D:6)
  Edmund (D:6)
  An orc warrior (D:7)
  A black bear (D:6)
  A centaur (D:6)
  3 bullfrogs
  A necrophage (D:6)
  3 scorpions
  3 wights (D:7)
  7 hounds
  2 jellies
  An orc priest (D:4)
  2 gnoll boudas
  7 iguanas
  18 gnolls
  4 adders
  A white imp (D:6)
  2 ufetubi (D:6)
  2 worms
  A dart slug (D:2)
  9 orcs
  5 ball pythons
  5 bats
  9 endoplasms
  3 giant cockroaches
  11 goblins
  6 hobgoblins
  6 jackals (D:1)
  7 kobolds
  6 quokkas
  5 frilled lizards
  6 rats
142 creatures vanquished.

Notes
Turn   | Place    | Note
-------+----------+-------------------------------------------
     0 | D:1      | concernfroge the Mummy Monk began the quest for the Orb.
     0 | D:1      | Reached XP level 1. HP: 18/18 MP: 1/1
   282 | D:1      | Reached XP level 2. HP: 18/24 MP: 2/2
   636 | D:1      | Reached skill level 4 in Fighting
   805 | D:1      | Gained mutation: You are in touch with the powers of death.
                  | [Mummy growth]
   805 | D:1      | Reached XP level 3. HP: 29/30 MP: 3/3
  1618 | D:2      | Found an ornate altar of the Wu Jian Council.
  1682 | D:2      | Became a worshipper of the Wu Jian Council
  1682 | D:2      | Reached * piety under Wu Jian
  1682 | D:2      | Reached ** piety under Wu Jian
  1789 | D:2      | Reached skill level 1 in Throwing
  2008 | D:2      | Reached XP level 4. HP: 38/38 MP: 4/4
  2560 | D:3      | Noticed a necrophage
  2584 | D:4      | Reached skill level 5 in Fighting
  2616 | D:4      | Noticed a scorpion
  2627 | D:4      | Killed a scorpion
  2628 | D:4      | Reached XP level 5. HP: 39/46 MP: 5/5
  2633 | D:4      | Identified a scroll of acquirement
  2635 | D:4      | Acquired the amulet "Guotinug" {Faith Dex+7}
  2654 | D:4      | Reached skill level 6 in Fighting
  2740 | D:5      | Entered Level 5 of the Dungeon
  2812 | D:4      | Reached XP level 6. HP: 35/53 MP: 6/6
  3088 | D:4      | Found an opulent altar of Gozag.
  3218 | D:4      | Found Mulut's General Store.
  3221 | D:4      | Reached *** piety under Wu Jian
  3228 | D:4      | Bought 6 atropa-tipped darts for 50 gold pieces
  3352 | D:5      | Reached skill level 7 in Fighting
  3573 | D:5      | Reached XP level 7. HP: 61/61 MP: 7/7
  3649 | D:5      | Reached skill level 8 in Fighting
  3862 | D:5      | Found a staircase to the Ecumenical Temple.
  3870 | Temple   | Entered the Ecumenical Temple
  4048 | D:6      | Noticed a steam dragon
  4437 | D:5      | Reached skill level 9 in Fighting
  4805 | D:6      | Noticed Edmund
  4816 | D:6      | Killed Edmund
  4816 | D:6      | Reached XP level 8. HP: 43/72 MP: 8/8
  5012 | D:6      | Reached skill level 10 in Fighting
  5031 | D:6      | Found a hide-covered altar of Uskayaw.
  5033 | D:6      | Found a burning altar of Makhleb.
  5061 | D:6      | Reached skill level 1 in Long Blades
  5700 | D:6      | Found a bloodstained altar of Trog.
  5713 | D:6      | Noticed Menkaure
  5724 | D:6      | Killed Menkaure
  5943 | D:7      | Reached skill level 5 in Long Blades
  6070 | D:7      | Noticed Coaxmetal's ghost (novice GrEE)
  6070 | D:7      | Noticed a moth of wrath
  6089 | D:7      | Found a bloodstained altar of Trog.
  6089 | D:7      | Found a transporter.
  6094 | D:7      | Found Qegytin's Jewellery Emporium.
  6095 | D:7      | Found a transporter.
  6106 | D:7      | Bought a ring of resist corrosion for 240 gold pieces
  6176 | D:7      | Reached XP level 9. HP: 78/78 MP: 9/9
  6238 | D:7      | Found Jeinixti's Distillery.
  6519 | D:7      | Found Exikk's Antique Armour Boutique.
  6654 | Abyss:2  | Cast into level 2 of the Abyss (gnoll sergeant)
  6758 | Abyss:2  | Noticed a large abomination
  6849 | Abyss:2  | Noticed a red draconian scorcher
  6854 | Abyss:2  | Noticed a smoke demon
  6862 | Abyss:2  | Killed from afar by a smoke demon

Illustrated notes

Levels and vault maps discovered:
D:1:      dpeg_arrival_pits, layout_loops_ring
D:2:      layout_loops_ring, basic_altar, chequers_serial_rivers_micro_a
D:3:      layout_basic, shapermc_ecumenical_altar_mp_highgroup,
          minmay_close_crescents
D:4:      layout_rooms, amcnicky_altar_gilded, serial_shops, nicolae_shop_trees
D:5:      layout_cave_pools, minmay_temple_entry_fiery, minivault_26,
          small_statue_intersection
D:6:      cheibrodos_steamvent, layout_gridville,
          chequers_temple_overflow_statue_of_worship,
          nicolae_overflow_hidden_temple, grunt_ministairs_10,
          minmay_large_rounded_square, uniq_menkaure, uniq_edmund
D:7:      layout_cave_pods, serial_shops, shop_statue, shop, shop,
          gammafunk_ghost_wrathful_warriors
Temple:   nicolae_temple_hex_pool
Abyss:2:  base: D:5, base: D:7, evilmike_abyss_exit_5

Skill      XL: |  1  2  3  4  5  6  7  8  9 |
---------------+----------------------------+-----
Fighting       | 4 5 6 7 9 10 | 10.0
Throwing       | 1 |  1.0
Long Blades    | 5 6 |  6.1
Polearms       | |  2.4
Dodging        | |  2.4
Stealth        | |  1.5

Action                   |  1- 3 |  4- 6 |  7- 9 || total
-------------------------+-------+-------+-------++-------
Melee: Spear             |   179 |       |       ||   179
       Punch             |     1 |       |     5 ||     6
       Long sword        |       |   119 |   198 ||   317
Throw: Boomerang         |    12 |    18 |    16 ||    46
       Dart              |       |       |     8 ||     8
       Stone             |       |       |     2 ||     2
Invok: Lunge             |     1 |     9 |     9 ||    19
       Whirlwind         |       |    10 |    35 ||    45
       Serpent's Lash    |       |     1 |     7 ||     8
 Abil: Wall Jump         |       |     2 |     8 ||    10
  Use: Scroll            |       |     6 |     9 ||    15
 Stab: Sleeping          |     7 |       |       ||     7
       Invisible         |       |       |     1 ||     1
Armor: Robe              |    11 |       |       ||    11
       Ring mail         |    26 |    36 |       ||    62
       Chain mail        |       |    11 |    90 ||   101
       Plate armour      |       |       |    28 ||    28
       Steam dragon scal |       |       |     6 ||     6
Dodge: Dodged            |    68 |    71 |   137 ||   276
